 Dungeon Crawl Stone Soup version 0.22.1-1-ga44c0e56f4 (webtiles) character file.

1598 D1HalberdGnoll the Slasher (level 8, -1/64 HPs)
             Began as a Demonspawn Fighter on Oct 26, 2018.
             Was a Follower of Makhleb.
             Slain by an adder zombie (2 damage)
             ... on level 7 of the Dungeon.
             The game lasted 00:08:10 (7355 turns).

D1HalberdGnoll the Slasher (Demonspawn Fighter)     Turns: 7355, Time: 00:08:10

Health: -1/64      AC: 10    Str: 17    XL:     8   Next: 62%
Magic:  0/8        EV:  7    Int: 13    God:    Makhleb [*.....]
Gold:   227        SH:  9    Dex: 14    Spells: 7/7 levels left

rFire    . . .     SeeInvis .   j - +3 long sword
rCold    . . .     Gourm    .   c - +0 shield
rNeg     . . .     Faith    .   b - +1 scale mail
rPois    +         Spirit   +   x - +0 helmet
rElec    .         Reflect  .   a - scarf {Spirit}
rCorr    .         Harm     .   t - +0 pair of gloves
MR       .....                  (boots unavailable)
Stlth    +.........             (no amulet)
HPRegen  0.20/turn              m - ring of poison resistance
MPRegen  0.11/turn              v - +3 ring of intelligence

@: flying, heavily drained
A: talons 3, nightstalker 1
a: Renounce Religion


You were on level 7 of the Dungeon.
You worshipped Makhleb.
Makhleb was aware of your devotion.
You were not hungry.

You visited 1 branch of the dungeon, and saw 7 of its levels.

You collected 227 gold pieces.

Inventory:

Hand Weapons
 j - a +3 long sword (weapon)
Armour
 a - a scarf of spirit shield (worn)
 b - a +1 scale mail (worn)
 c - a +0 shield (worn)
 t - a +0 pair of gloves (worn)
 x - a +0 helmet (worn)
Jewellery
 m - a ring of poison resistance (left hand)
 v - a +3 ring of intelligence (right hand)
Wands
 d - a wand of flame (8)
Scrolls
 e - 6 scrolls of teleportation
 k - 2 scrolls of fog
 l - 5 scrolls of remove curse
 n - 2 scrolls of enchant armour
 q - 2 scrolls of identify
 s - a scroll of immolation
Potions
 o - a potion of mutation {unknown}
 p - 2 potions of haste
 r - a potion of invisibility
Comestibles
 f - 8 rations


   Skills:
 + Level 5.7(4.4) Fighting
 * Level 6.5(5.2) Long Blades
 + Level 5.1(3.8) Armour
 + Level 5.2(3.8) Shields


You had 7 spell levels left.
You didn't know any spells.
Your spell library was empty.

Dungeon Overview and Level Annotations

Branches:
Dungeon (7/15)
 Temple: D:4-7

Altars:
Ashenzari
Cheibriados
Elyvilon
Gozag
Kikubaaqudgha
Makhleb
Sif Muna
Vehumet
Wu Jian
Yredelemnul
Zin

Shops:
D:2 *

Annotations:
D:7 Joseph


Innate Abilities, Weirdness & Mutations

You have claws for feet.
You are slightly more attuned to the shadows.


Message History

Joseph shouts, "I love to fight!
I love killing!"
Joseph closely misses you.
The adder zombie bites you but does no damage.
You hit Joseph but do no damage. Your kick misses Joseph.
Joseph is heavily wounded.
The adder zombie barely misses you.
Joseph tries to grin evilly.
Joseph hits you with an uncursed enchanted quarterstaff!
* * * LOW HITPOINT WARNING * * *
Okay, then.
It was a potion of flight.
You feel very buoyant.
You fly up into the air.
You block the adder zombie's attack.
Joseph hits you with an uncursed enchanted quarterstaff.
* * * LOW HITPOINT WARNING * * *
It was a potion of curing.
You feel better. The adder zombie barely misses you.
Joseph hits you with an uncursed enchanted quarterstaff!
* * * LOW HITPOINT WARNING * * *
The adder zombie bites you.
You die...

##..#...## ##...#....##
##....#.....## #####
##.....#......###...#
###......#.......##.#.#
#..#....#.............#
...#..#.#.#########..##
##.#.##.#.###..@..#...#
##.#.##.#.##...Z@(....#
........#.#.......#.....#
##.#.##.#.#...###.....###
#.#......#.. ....#.#
#.#.##.###... ####.#.#
##.#........# ..#.#
#...........+ ..
#...........#
#....##.##..#


You could see Joseph and an adder zombie.

Vanquished Creatures
  Grinder (D:4)
  Menkaure (D:6)
  3 phantoms
  2 ogres (D:4)
  A gnoll sergeant (D:5)
  A scorpion (D:4)
  4 wights
  A bullfrog zombie (D:5)
  2 crimson imps
  A jelly (D:7)
  2 hounds
  A centaur skeleton (D:5)
  An iguana (D:5)
  3 worker ants
  A hound skeleton (D:4)
  3 adders
  9 gnolls
  2 shadow imps (D:6)
  2 oozes
  An adder skeleton (D:4)
  A worm (D:5)
  2 dart slugs
  4 leopard geckos
  10 orcs
  4 bats
  3 giant cockroaches
  10 goblins
  5 hobgoblins
  7 jackals (D:2)
  A quokka (D:4)
  5 frilled lizards
  10 kobolds
  A quokka skeleton (D:4)
  8 rats
113 creatures vanquished.

Notes
Turn   | Place    | Note
-------+----------+-------------------------------------------
     0 | D:1      | D1HalberdGnoll the Demonspawn Fighter began the quest for
                  | the Orb.
     0 | D:1      | Reached XP level 1. HP: 18/18 MP: 1/1
   168 | D:1      | Reached skill level 2 in Long Blades
   330 | D:1      | Gained mutation: You have sharp toenails. [demonic
                  | ancestry]
   330 | D:1      | Reached XP level 2. HP: 24/24 MP: 2/2
   714 | D:1      | You fall through a shaft!
   756 | D:2      | Found a radiant altar of Vehumet.
   780 | D:2      | Gained mutation: You are slightly more attuned to the
                  | shadows. [demonic ancestry]
   780 | D:2      | Reached XP level 3. HP: 15/29 MP: 3/3
  1275 | D:2      | Found Gozag's Platinum Reserve.
  1288 | D:2      | Found an opulent altar of Gozag.
  1420 | D:2      | Found a basalt altar of Yredelemnul.
  1439 | D:2      | Found a deep blue altar of Sif Muna.
  1439 | D:2      | Found a white marble altar of Elyvilon.
  1508 | D:2      | Reached XP level 4. HP: 35/35 MP: 4/4
  1905 | D:3      | Reached skill level 3 in Long Blades
  2122 | D:3      | Found a burning altar of Makhleb.
  2128 | D:3      | Became a worshipper of Makhleb the Destroyer
  2594 | D:4      | Reached XP level 5. HP: 42/42 MP: 5/5
  2626 | D:4      | Found an ornate altar of the Wu Jian Council.
  2730 | D:4      | Noticed an ogre
  2738 | D:4      | Killed an ogre
  2908 | D:4      | Gained mutation: You have razor-sharp toenails. [demonic
                  | ancestry]
  2908 | D:4      | Reached XP level 6. HP: 45/48 MP: 6/6
  3171 | D:4      | Noticed Grinder
  3173 | D:4      | Paralysed by Grinder for 5 turns
  3187 | D:4      | Paralysed by Grinder for 4 turns
  3201 | D:4      | Killed Grinder
  3201 | D:4      | Reached skill level 4 in Long Blades
  3476 | D:5      | Entered Level 5 of the Dungeon
  3513 | D:5      | Found a glowing silver altar of Zin.
  3545 | D:5      | Reached XP level 7. HP: 43/55 MP: 7/7
  3801 | D:4      | Reached skill level 5 in Long Blades
  4075 | D:5      | Reached skill level 5 in Fighting
  4081 | D:4      | Reached * piety under Makhleb
  4602 | D:5      | Gained mutation: You have claws for feet. [demonic
                  | ancestry]
  4602 | D:5      | Reached XP level 8. HP: 39/62 MP: 8/8
  5187 | D:5      | Found a snail-covered altar of Cheibriados.
  5753 | D:6      | Found an ancient bone altar of Kikubaaqudgha.
  5789 | D:6      | Noticed Menkaure
  5802 | D:6      | Killed Menkaure
  5802 | D:6      | Reached skill level 6 in Long Blades
  6107 | D:6      | Reached skill level 5 in Shields
  6507 | D:5      | Reached skill level 5 in Armour
  6917 | D:6      | Identified a scroll of acquirement
  7316 | D:7      | Found a shattered altar of Ashenzari.
  7341 | D:7      | Noticed Joseph
  7353 | D:7      | HP: 2/64 [Joseph/uncursed enchanted quarterstaff (13)]
  7355 | D:7      | Slain by an adder zombie

Skill      XL: |  1  2  3  4  5  6  7  8 |
---------------+-------------------------+-----
Long Blades    | 2 3 4 5 6 |  6.5
Armour         | 3 4 5 |  5.1
Shields        | 3 4 5 |  5.2
Fighting       | 4 5 |  5.7

Action                   |  1- 3 |  4- 6 |  7- 9 || total
-------------------------+-------+-------+-------++-------
Melee: Long sword        |    70 |       |    52 ||   122
       Kick              |    26 |    36 |    73 ||   135
       Short sword       |    32 |   122 |   186 ||   340
  Use: Potion            |     3 |       |     5 ||     8
       Scroll            |       |       |    11 ||    11
  Eat: Chunk             |     2 |     5 |     5 ||    12
       Ration            |       |     1 |     2 ||     3
Armor: Scale mail        |    54 |    36 |    56 ||   146
       Skin              |       |       |     8 ||     8
Dodge: Dodged            |    29 |    26 |    58 ||   113
Block: Shield            |    54 |    52 |   101 ||   207
       Rpst.: Long sword |     7 |       |     4 ||    11
